 Dungeon Crawl Stone Soup version 0.29.0-4-gdea44cf6ec (webtiles) character file.

Game seed: 13192884414061888373

154 qw the Chopper (level 5, -2/30 HPs)
             Began as a Tengu Warper on Aug 28, 2022.
             Slain by an ogre
             ... wielding a +0 giant spiked club
              (10 damage)
             ... on level 3 of the Dungeon.
             The game lasted 00:00:15 (2719 turns).

qw the Chopper (Tengu Warper)                       Turns: 2719, Time: 00:00:15

Health: -2/30      AC: 12    Str: 14    XL:     5   Next: 35%
Magic:  9/9        EV: 13    Int: 13    God:
Gold:   177        SH:  0    Dex: 13    Spells: 8/8 levels left

rFire   + . .      SeeInvis .   Y - +0 hand axe (protect)
rCold   . . .      Faith    .   (no shield)
rNeg    . . .      Spirit   .   i - +0 ring mail
rPois   .          Reflect  .   (helmet restricted)
rElec   .          Harm     .   (no cloak)
rCorr   .          Rampage  .   (no gloves)
Will    .....                   (boots unavailable)
Stlth   +.........              (no amulet)
HPRegen 0.10/turn               j - ring of protection from fire
MPRegen 0.11/turn               (no ring)

@: under a protective aura, flying quickly and evasively, quick
A: beak, talons 3, nimble flight
a: no special abilities


You were on level 3 of the Dungeon.
You visited 1 branch of the dungeon, and saw 3 of its levels.

You collected 177 gold pieces.


Innate Abilities, Weirdness & Mutations

You have a beak for a mouth.
You have claws for feet.
Your magical nature lets you fly swiftly and evasively.


   Skills:
 - Level 2.0 Fighting
 + Level 5.9 Axes
 - Level 1.0 Throwing
 - Level 1.1 Armour
 - Level 2.1 Dodging
 - Level 2.0 Spellcasting
 - Level 2.4 Translocations


You had 8 spell levels left.
You didn't know any spells.
Your spell library contained the following spells:

 Spells                   Type           Power      Damage    Failure   Level
 Blink                    Tloc           14%        N/A       30%         2
 Gell's Gravitas          Tloc           7%         N/A       52%         3
 Lesser Beckoning         Tloc           7%         N/A       52%         3
 Teleport Other           Tloc           7%         N/A       52%         3
 Manifold Assault         Tloc           7%         N/A       99%         5

Inventory:

Hand Weapons
 b - a +0 flail
 Y - a +0 hand axe of protection (weapon)
Armour
 c - a +0 chain mail
 i - a +0 ring mail (worn)
Jewellery
 j - a ring of protection from fire (left hand)
Scrolls
 e - a scroll of identify
Potions
 a - a potion of resistance {unknown}
 d - a potion of curing {unknown}
 h - a potion of heal wounds {unknown}
 l - a potion of degeneration {unknown}

Dungeon Overview and Level Annotations

Branches:
Dungeon (3/15)

Altars:
Hepliaklqana


Message History

You peck the endoplasm, but do no damage.
The endoplasm is severely wounded.
The endoplasm hits you but does no damage.
You hit the endoplasm.
You kill the endoplasm!
A rat comes into view.
Found an escape hatch in the floor.
Found a stone staircase leading down.
Enter note: You closely miss the rat.
The rat bites you but does no damage.
You hit the rat.
Your weapon exudes an aura of protection.
You kill the rat!
You see here a rat corpse.
A kobold comes into view. It is wielding a +0 dagger.
Found a stone staircase leading up.
The kobold shouts!
You closely miss the kobold. Your kick misses the kobold.
Your peck misses the kobold. The kobold barely misses you.
You hit the kobold.
Your weapon exudes an aura of protection.
You kill the kobold!
An ogre comes into view. It is wielding a +0 giant spiked club.
Enter note:
2711 ||| Stepping ~*~*~tactically~*~*~ (stealth).
You hit the ogre but do no damage.
Your weapon exudes an aura of protection.
Your kick misses the ogre. Your peck misses the ogre.
The ogre hits you with a +0 giant spiked club!!
Ouch! That really hurt!
You slash the ogre! Your kick misses the ogre. You peck the ogre.
The ogre is moderately wounded.
You hit the ogre. Your peck misses the ogre.
The ogre is heavily wounded.
The ogre barely misses you.
You barely miss the ogre.
The ogre is heavily wounded.
The ogre hits you with a +0 giant spiked club!
You die...

###### .....#
####.# #. ####
## #.# #.# #..
#. #.# #.. ... .
#.# #.# #.# .#
#.# #.# #.##.#
#.# #.######.#.#
#.###........@#
#.......####O..#
####.....###
.........
>.>%.....#
#.#..#.###
####.###)#
...#..#.# #.#
#.#.## #..#.#
#.# #<# #... .
#.# #.. .... #
#.# ###


You could see an ogre.

Vanquished Creatures
  A necrophage (D:3)
  3 adders (D:2)
  A worm (D:2)
  3 dart slugs
  An orc (D:3)
  10 endoplasms
  3 giant cockroaches
  4 goblins
  3 hobgoblins (D:1)
  2 jackals (D:1)
  2 quokkas
  6 ball pythons
  4 bats
  3 frilled lizards
  4 kobolds
  7 rats
57 creatures vanquished.

Notes
Turn   | Place    | Note
-------+----------+-------------------------------------------
     0 | D:1      | qw the Tengu Warper began the quest for the Orb.
     0 | D:1      | Reached XP level 1. HP: 12/12 MP: 4/4
     0 | D:1      | 0 ||| qw: Version: 0.1-a-89-g26bdef1
     0 | D:1      | 0 ||| qw: Game counter: 1710
     0 | D:1      | 0 ||| qw: Always use a shield: true
     0 | D:1      | 0 ||| qw: God list: Okawaru
     0 | D:1      | 0 ||| qw: Allow faded altars: false
     0 | D:1      | 0 ||| qw: Do Orc after D:15 true
     0 | D:1      | 0 ||| qw: Do second Lair branch before Depths: true
     0 | D:1      | 0 ||| qw: Lair rune preference: random
     0 | D:1      | 0 ||| qw: Plans: Normal
     0 | D:1      | 0 ||| PLANNING D:1-11
   125 | D:1      | 125 ||| Stepping ~*~*~tactically~*~*~ (stealth).
   141 | D:1      | Reached skill level 3 in Axes
   141 | D:1      | Reached XP level 2. HP: 9/17 MP: 6/6
   411 | D:1      | 411 ||| DROPPING +0 club.
   797 | D:1      | Reached XP level 3. HP: 20/21 MP: 7/7
   819 | D:1      | 819 ||| Stepping ~*~*~tactically~*~*~ (stealth).
   820 | D:1      | 820 ||| Stepping ~*~*~tactically~*~*~ (stealth).
   823 | D:1      | 823 ||| Stepping ~*~*~tactically~*~*~ (stealth).
   831 | D:1      | HP: 3/21 [frozen (5)]
   833 | D:1      | Reached skill level 4 in Axes
  1224 | D:1      | 1224 ||| READING scroll labelled MAADUM MEXU.
  1225 | D:1      | 1225 ||| READING 2 scrolls labelled ALENLE IMIUTS.
  1226 | D:1      | 1226 ||| DROPPING scroll of blinking.
  1382 | D:2      | 1382 ||| Stepping ~*~*~tactically~*~*~ (stealth).
  1538 | D:2      | Reached XP level 4. HP: 15/26 MP: 8/8
  1806 | D:2      | 1806 ||| Stepping ~*~*~tactically~*~*~ (stealth).
  2046 | D:2      | Found a hazy altar of Hepliaklqana.
  2217 | D:2      | Reached skill level 5 in Axes
  2441 | D:2      | 2441 ||| UPGRADING to +0 ring mail.
  2451 | D:2      | 2451 ||| DROPPING +0 leather armour.
  2452 | D:2      | 2452 ||| UPGRADING to ring of protection from fire.
  2453 | D:2      | 2453 ||| READING 2 scrolls labelled AXUKHLI WEYN.
  2457 | D:2      | 2457 ||| READING scroll labelled GIEVVA XION.
  2458 | D:2      | 2458 ||| READING scroll labelled KONANK OMASH.
  2459 | D:2      | 2459 ||| READING scroll labelled YWOSTRO ALITEN.
  2460 | D:2      | 2460 ||| READING 3 scrolls of identify.
  2460 | D:2      | 2460 ||| IDENTIFYING sedimented yellow potion
  2461 | D:2      | 2461 ||| READING 2 scrolls of identify.
  2461 | D:2      | 2461 ||| IDENTIFYING red potion
  2462 | D:2      | 2462 ||| DROPPING potion of lignification.
  2463 | D:2      | 2463 ||| DROPPING potion of invisibility.
  2524 | D:1      | 2524 ||| READING scroll of teleportation.
  2564 | D:3      | Noticed a necrophage
  2583 | D:3      | Killed a necrophage
  2584 | D:3      | Gained mutation: Your magical nature lets you fly swiftly
                  | and evasively. [Tengu growth]
  2584 | D:3      | Reached XP level 5. HP: 30/30 MP: 9/9
  2603 | D:3      | 2603 ||| DROPPING +0 whip.
  2710 | D:3      | Noticed an ogre
  2711 | D:3      | 2711 ||| Stepping ~*~*~tactically~*~*~ (stealth).
  2716 | D:3      | HP: 7/30 [ogre/+0 giant spiked club (23)]
  2719 | D:3      | Slain by an ogre

Levels and vault maps discovered:
D:1:      spicycebolla_arrival_ecumenical, layout_rooms, minmay_hexomino_u4
D:2:      layout_basic, basic_altar, palyth_stone_intersect,
          minmay_misc_feat_more_columns, dreamdust_princess_corridor
D:3:      layout_loops_ring, uniq_crazy_yiuf_cottage

Skill      XL: |  1  2  3  4 |
---------------+-------------+-----
Axes           | 3 4 5 |  5.9
Fighting       | |  2.0
Throwing       | |  1.0
Armour         | |  1.1
Dodging        | |  2.1
Spellcasting   | |  2.0
Translocations | |  2.4

Action                   |  1- 3 |  4- 6 || total
-------------------------+-------+-------++-------
Melee: Hand axe          |    73 |    68 ||   141
       Kick              |    16 |    17 ||    33
       Peck              |    12 |     7 ||    19
Throw: Boomerang         |     7 |       ||     7
  Use: Scroll            |     2 |     7 ||     9
Armor: Leather armour    |    13 |    11 ||    24
       Ring mail         |       |     9 ||     9
Dodge: Dodged            |    41 |    27 ||    68

Table legend:
 A = Non-vault XP
 B = Vault XP
 C = Vault XP percentage of total XP
 D = Non-vault monster count
 E = Vault monster count
 F = Vault count percentage of total count
                 A         B        C        D         E       F
            +---------+---------+-------+---------+---------+-------
      Total |     211 |       9 |   4.1 |      52 |       5 |   8.8
            +---------+---------+-------+---------+---------+-------
        D:1 |      41 |       9 |  18.0 |      24 |       5 |  17.2
        D:2 |      79 |       0 |   0.0 |      23 |       0 |   0.0
        D:3 |      91 |       0 |   0.0 |       5 |       0 |   0.0
            +---------+---------+-------+---------+---------+-------
